 Dungeon Crawl Stone Soup version 0.28.0-43-g3370ac3207 (webtiles) character file.

Game seed: 1140763698201758608

78 jimonade the Prestidigitator (level 4, 0/34 HPs)
             Began as a Gnoll Wanderer on Mar 19, 2022.
             Slain by Grinder (5 damage)
             ... on level 3 of the Dungeon.
             The game lasted 00:07:48 (3559 turns).

jimonade the Prestidigitator (Gnoll Wanderer)       Turns: 3559, Time: 00:07:49

Health: 0/34       AC: 11    Str:  9    XL:     4   Next: 36%
Magic:  5/5        EV:  4    Int: 11    God:
Gold:   112        SH:  0    Dex: 16    Spells: 5/5 levels left

rFire   . . .      SeeInvis .   a - +1 falchion
rCold   . . .      Faith    .   (no shield)
rNeg    . . .      Spirit   .   r - +0 storm dragon scales
rPois   .          Reflect  .   (no helmet)
rElec   +          Harm     .   (no cloak)
rCorr   .          Rampage  .   (no gloves)
Will    .....                   (no boots)
Stlth   ..........              (no amulet)
HPRegen 0.11/turn               (no ring)
MPRegen 0.09/turn               (no ring)

@: no status effects
A: fangs 1, strong nose, distributed training
a: no special abilities


You were on level 3 of the Dungeon.
You visited 1 branch of the dungeon, and saw 3 of its levels.

You collected 112 gold pieces.

Inventory:

Hand Weapons
 a - a +1 falchion (weapon)
 e - a +0 dagger
 p - a +0 hunting sling
Missiles
 d - 36 arrows
 k - 83 stones
 q - 44 sling bullets
Armour
 c - a +0 robe
 f - a +0 leather armour
 n - a +0 ring mail
 r - +0 storm dragon scales (worn)
Magical Staves
 i - a staff of cold
Scrolls
 g - a scroll of summoning {unknown}
 h - a scroll of magic mapping {unknown}
 j - a scroll of silence {unknown}
 l - a scroll of vulnerability {unknown}
 o - a scroll of fog {unknown}
 s - a scroll of fear {unknown}
Potions
 m - a potion of brilliance {unknown}
Miscellaneous
 b - a condenser vane (quivered)


   Skills:
 + Level 2.7 Fighting
 + Level 1.1 Short Blades
 + Level 4.6 Long Blades
 + Level 1.1 Axes
 + Level 1.1 Maces & Flails
 + Level 1.1 Polearms
 + Level 1.1 Staves
 + Level 1.1 Slings
 + Level 1.1 Bows
 + Level 1.1 Crossbows
 + Level 1.1 Throwing
 + Level 2.7 Armour
 + Level 1.1 Dodging
 + Level 2.5 Stealth
 + Level 1.1 Shields
 + Level 1.1 Unarmed Combat
 + Level 1.1 Spellcasting
 + Level 0.8 Conjurations
 + Level 0.8 Hexes
 + Level 0.8 Summonings
 + Level 0.8 Necromancy
 + Level 0.8 Translocations
 + Level 0.8 Transmutations
 + Level 0.8 Fire Magic
 + Level 0.8 Ice Magic
 + Level 0.8 Air Magic
 + Level 0.8 Earth Magic
 + Level 0.8 Poison Magic
 + Level 1.2 Invocations
 + Level 10.4 Evocations


You had 5 spell levels left.
You didn't know any spells.
Your spell library contained the following spells:

 Spells                   Type           Power      Damage    Failure   Level
 Sting                    Tmut/Pois      8%         1d3       100%        1
 Poisonous Vapours        Pois/Air       4%         N/A       100%        2
 Olgreb's Toxic Radiance  Pois           2%         N/A       100%        4
 Summon Forest            Summ/Tloc      1%         N/A       100%        5
 Summon Mana Viper        Hex/Summ       2%         N/A       100%        5
 Summon Cactus Giant      Summ           1%         N/A       100%        6


Dungeon Overview and Level Annotations

Branches:
Dungeon (3/15)

Altars:

Annotations:
D:3 Grinder


Innate Abilities, Weirdness & Mutations

You have very sharp teeth.
Your uncanny sense of smell can sniff out nearby items.
Your experience applies equally to all skills.


Message History

Grinder hits you but does no damage.
You see here a frilled lizard corpse.
You hit Grinder.
Grinder is lightly wounded.
Grinder hits you.
You writhe in agony.
You hit Grinder.
Grinder is moderately wounded.
Grinder says, "Wait up."
Grinder hits you but does no damage.
You hit Grinder but do no damage.
Grinder is moderately wounded.
Grinder blinks!
Grinder gestures at you. Pain shoots through your body!
You hit Grinder.
Grinder is moderately wounded.
Grinder hits you but does no damage.
You hit Grinder.
Grinder is moderately wounded.
Grinder hits you.
You hit Grinder but do no damage.
Grinder is moderately wounded.
Grinder gestures at you. Pain shoots through your body!
You closely miss Grinder.
Grinder is moderately wounded.
Grinder hits you.
You writhe in agony.
You slash Grinder!
Grinder is heavily wounded.
Grinder hits you but does no damage.
You hit Grinder.
Grinder is severely wounded.
Grinder hits you but does no damage. Grinder gestures at you.
Pain shoots through your body!
* * * LOW HITPOINT WARNING * * *
You hit Grinder.
Grinder is severely wounded.
Grinder hits you.
You die...

#.# #.÷###### #..# #..#
#....# # #. #..# #..#
#.#..####
#.####..###..######........
....................#......
...........................
#....#..###..###.##........
#.......†...........#..####
..###.)##@.........#..#
..###..##.5..##.##.#..#
..............##.##.#..#
#..###............... .. #
###..###.#.##.##. .
............##.# ......
..........####.# #....
......#..#.####.# #....
.........#......# #....


You could see Grinder.

Vanquished Creatures
  Robin (D:3)
  2 worms (D:2)
  An orc (D:3)
  2 ball pythons
  5 endoplasms
  2 giant cockroaches
  10 goblins
  7 hobgoblins
  4 jackals (D:2)
  3 kobolds
  2 quokkas
  6 bats
  2 frilled lizards
  5 rats
52 creatures vanquished.

Notes
Turn   | Place    | Note
-------+----------+-------------------------------------------
     0 | D:1      | Reached skill level 10 in Evocations
     0 | D:1      | jimonade the Gnoll Wanderer began the quest for the Orb.
     0 | D:1      | jimonade set off with the following items: a +1 falchion, a
                  | condenser vane, a +0 robe
     0 | D:1      | Reached XP level 1. HP: 17/17 MP: 1/1
   660 | D:1      | Reached XP level 2. HP: 23/23 MP: 2/2
  2150 | D:2      | Reached XP level 3. HP: 21/28 MP: 3/3
  2498 | D:2      | Reached skill level 1 in Invocations
  2815 | D:2      | Found a faded altar of an unknown god.
  3183 | D:3      | Reached skill level 1 in Short Blades
  3183 | D:3      | Reached skill level 1 in Axes
  3183 | D:3      | Reached skill level 1 in Maces & Flails
  3183 | D:3      | Reached skill level 1 in Polearms
  3183 | D:3      | Reached skill level 1 in Staves
  3183 | D:3      | Reached skill level 1 in Slings
  3183 | D:3      | Reached skill level 1 in Bows
  3183 | D:3      | Reached skill level 1 in Crossbows
  3183 | D:3      | Reached skill level 1 in Throwing
  3183 | D:3      | Reached skill level 1 in Dodging
  3183 | D:3      | Reached skill level 1 in Shields
  3183 | D:3      | Reached skill level 1 in Unarmed Combat
  3183 | D:3      | Reached skill level 1 in Spellcasting
  3190 | D:3      | Noticed Robin
  3266 | D:3      | Killed Robin
  3267 | D:3      | Reached XP level 4. HP: 32/34 MP: 5/5
  3530 | D:3      | Noticed Grinder
  3559 | D:3      | Slain by Grinder

Illustrated notes

Levels and vault maps discovered:
D:1:      scummos_arrival_hexagon, layout_basic
D:2:      layout_loops_cross, serial_glass, glass_columns_c, glass_columns_a,
          chequers_ecumenical_altar_grove
D:3:      layout_basic, kennysheep_generic_room_8, uniq_grinder, uniq_robin

Skill      XL: |  1  2  3 |
---------------+----------+-----
Evocations     | | 10.4
Invocations    | 1 |  1.2
Short Blades   | 1 |  1.1
Axes           | 1 |  1.1
Maces & Flails | 1 |  1.1
Polearms       | 1 |  1.1
Staves         | 1 |  1.1
Slings         | 1 |  1.1
Bows           | 1 |  1.1
Crossbows      | 1 |  1.1
Throwing       | 1 |  1.1
Dodging        | 1 |  1.1
Shields        | 1 |  1.1
Unarmed Combat | 1 |  1.1
Spellcasting   | 1 |  1.1
Fighting       | |  2.7
Long Blades    | |  4.6
Armour         | |  2.7
Stealth        | |  2.5
Conjurations   | |  0.8
Hexes          | |  0.8
Summonings     | |  0.8
Necromancy     | |  0.8
Translocations | |  0.8
Transmutations | |  0.8
Fire Magic     | |  0.8
Ice Magic      | |  0.8
Air Magic      | |  0.8
Earth Magic    | |  0.8
Poison Magic   | |  0.8

Action                   |  1- 3 |  4- 6 || total
-------------------------+-------+-------++-------
Melee: Falchion          |   135 |    60 ||   195
       Bite              |    14 |     4 ||    18
       Punch             |     1 |     2 ||     3
 Stab: Sleeping          |     6 |       ||     6
Armor: Leather armour    |    18 |       ||    18
       Robe              |     2 |       ||     2
       Ring mail         |    19 |       ||    19
       Storm dragon scal |    20 |    35 ||    55
Dodge: Dodged            |    59 |     4 ||    63
